 Dungeon Crawl Stone Soup version 0.30-a0-377-g5cb311bc9f (webtiles) character file.

Game seed: 4774025334588554356

77343 qeuew the Fighter (level 15, -7/108 (109) HPs)
             Began as a Demonspawn Chaos Knight on Nov 30, 2022.
             Was a Plaything of Xom.
             Mangled by a salamander
             ... wielding a +0 trident
              (15 damage)
             ... on level 1 of the Snake Pit.
             The game lasted 00:41:33 (24123 turns).

qeuew the Fighter (Demonspawn Chaos Knight)        Turns: 24123, Time: 00:41:33

HP:   -7/108 (109)  AC: 27    Str: 24    XL:     15   Next: 15%
MP:   15/15         EV: 16    Int: 10    God:    Xom [....*.]
Gold: 3104          SH: 18    Dex: 24    Spells: 14/14 levels left

rFire   . . .      SeeInvis .    h - +10 hammer "Bashe" {drain, rC+ Str+6}
rCold   + + +      Faith    .    r - +1 kite shield {rC+}
rNeg    . . .      Spirit   .    j - +4 ring mail
rPois   .          Reflect  +    (helmet restricted)
rElec   .          Harm     .    k - +2 cloak {Will+}
rCorr   +          Rampage  .    e - +3 pair of gloves of the Lost Demons {rCorr Stlth+}
Will    ++...      Clarity  +    (no boots)
Stlth   ++........               B - amulet of reflection
HPRegen 0.38/turn                g - +4 ring of protection
MPRegen 0.14/turn                m - +6 ring of dexterity

@: about to teleport, weakened, constricted, lightly drained
A: hooves 2, icy blue scales 3, demonic guardian 1, demonic magic 2, horns 1,
agile 1, clarity, dopey 1, frail 1, mutation resistance 2, wild magic 1,
MP-powered wands
a: Renounce Religion


You were on level 1 of the Snake Pit.
You worshipped Xom.
You were a beloved toy of Xom.
You visited 7 branches of the dungeon, and saw 26 of its levels.
You also visited: Ossuary and Ice Cave.

You collected 3428 gold pieces.
You spent 324 gold pieces at shops.

Inventory:

Hand Weapons
 h - the +10 hammer "Bashe" (weapon) {drain, rC+ Str+6}
   (You found it on level 4 of the Dungeon)

   A truly terrible weapon, it drains the life of any living foe it strikes.
   Str:       It affects your strength (+6).
   rC:        It protects you from cold.
Missiles
 l - a throwing net
Armour
 e - the +3 pair of gloves of the Lost Demons (worn) {rCorr Stlth+}
   (You acquired it on level 5 of the Dungeon)

   rCorr:     It protects you from acid and corrosion.
   Stlth:     It makes you more stealthy.
 j - a +4 ring mail (worn)
 k - a +2 cloak of willpower (worn)
 r - a +1 kite shield of cold resistance (worn)
Jewellery
 g - a +4 ring of protection (left hand)
 m - a +6 ring of dexterity (right hand)
 B - an amulet of reflection (around neck)
Wands
 a - a wand of polymorph (13)
 p - a wand of digging (6)
 w - a wand of charming (20)
 y - a wand of roots (9)
 E - a wand of quicksilver (3)
 G - a wand of flame (2)
 J - a wand of mindburst (2) (quivered)
Scrolls
 b - 6 scrolls of identify
 i - 8 scrolls of enchant armour
 n - 5 scrolls of teleportation
 u - 2 scrolls of amnesia
 x - a scroll of silence
 D - 2 scrolls of enchant weapon
 F - 3 scrolls of butterflies
 K - a scroll of magic mapping
Potions
 d - 8 potions of curing
 f - 3 potions of resistance
 o - 2 potions of brilliance
 q - 4 potions of might
 s - a potion of heal wounds
 t - a potion of flight
 v - 2 potions of cancellation
 z - a potion of haste
 A - 3 potions of mutation
 C - 3 potions of berserk rage {unknown}
 H - a potion of ambrosia {unknown}
 L - a potion of invisibility
Miscellaneous
 c - a piece from Xom's chessboard (15/15)
 I - a phantom mirror


   Skills:
 + Level 12.4 Fighting
 + Level 11.4 Maces & Flails
 + Level 11.2 Armour
 + Level 11.1 Dodging
 + Level 6.4 Shields
 + Level 12.0 Evocations


You had 14 spell levels left.
You didn't know any spells.
Your spell library contained the following spells:

 Spells                   Type           Power      Damage    Failure   Level
 Necrotise                Necr           0%         1d4       87%         1
 Sandblast                Erth           0%         2d4       87%         1
 Cigotuvi's Dreadful Rot  Necr/Pois/Air  0%         N/A       95%         2
 Ensorcelled Hibernation  Hex/Ice        0%         N/A       95%         2
 Passwall                 Tmut/Erth      0%         N/A       95%         2
 Poisonous Vapours        Pois/Air       0%         N/A       95%         2
 Call Canine Familiar     Summ           0%         N/A       99%         3
 Dazzling Flash           Conj/Hex       0%         N/A       99%         3
 Frozen Ramparts          Ice            0%         1d1       99%         3
 Mephitic Cloud           Conj/Pois/Air  0%         N/A       99%         3
 Portal Projectile        Hex/Tloc       0%         N/A       99%         3
 Stone Arrow              Conj/Erth      0%         3d7       99%         3
 Swiftness                Air            0%         N/A       99%         3
 Tukima's Dance           Hex            0%         N/A       99%         3
 Vampiric Draining        Necr           0%         2d6       99%         3
 Animate Dead             Necr           0%         N/A       100%        4
 Ice Form                 Ice/Tmut       0%         N/A       100%        4
 Iskenderun's Mystic Bla  Conj/Tloc      0%         2d3       100%        4
 Leda's Liquefaction      Hex/Erth       0%         N/A       100%        4
 Olgreb's Toxic Radiance  Pois           0%         N/A       100%        4
 Passage of Golubria      Tloc           0%         N/A       100%        4
 Summon Ice Beast         Ice/Summ       0%         N/A       100%        4
 Summon Lightning Spire   Summ/Air       0%         N/A       100%        4
 Agony                    Necr           0%         N/A       100%        5
 Blade Hands              Tmut           0%         N/A       100%        5
 Lee's Rapid Deconstruct  Erth           0%         3d4*      100%        5
 Yara's Violent Unravell  Hex/Tmut       0%         3d3       100%        5
 Dispersal                Tloc           0%         N/A       100%        6
 Starburst                Conj/Fire      0%         6d3       100%        6
 Statue Form              Tmut/Erth      0%         N/A       100%        6
 Haunt                    Necr/Summ      0%         N/A       100%        7
 Ozocubu's Refrigeration  Ice            0%         4d7       100%        7
 Disjunction              Tloc           0%         N/A       100%        8
 Ignition                 Fire           0%         3d3       100%        8
 Infestation              Necr           0%         N/A       100%        8


Dungeon Overview and Level Annotations

Branches:
Dungeon (14/15)            Temple (1/1) D:7            Lair (5/5) D:11
  Swamp (1/4) Lair:2        Snake (1/4) Lair:2        Slime (2/5) Lair:4
    Orc (2/2) D:10            Elf (0/3) Orc:2       Ossuary (visited)
  IceCv (visited)
 Vaults: D:13-14

Altars:
Ashenzari
Cheibriados
Dithmenos
Fedhas
Gozag
Hepliaklqana
Kikubaaqudgha
Makhleb
Nemelex Xobeh
Okawaru
Qazlal
Ru
Sif Muna
Trog
Uskayaw
Vehumet
Wu Jian
Xom
Yredelemnul
Lugonu

Shops:
D:1 (   D:6 *   Orc:2 *(!:

Portals:
Pandemonium: Orc:2

Annotations:
D:14 Kirke


Innate Abilities, Weirdness & Mutations

You have hoof-like feet.
You are completely covered in icy blue scales. (AC +4, rC+)
A weak demonic guardian rushes to your aid.
Spells you cast may paralyse nearby enemies.
You have a pair of small horns on your head.
You are agile. (Dex +4, Str/Int -1)
You possess an exceptional clarity of mind.
You are dopey. (Int -2)
You are frail. (-10% HP)
You are somewhat resistant to both further mutation and mutation removal.
Your spells are a little harder to cast, but a little more powerful.
You expend magic power (3 MP) to strengthen your wands.


Message History

The anaconda bites you but does no damage.
The anaconda constricts you.
* * * LOW HITPOINT WARNING * * *
Your hellwing misses the black mamba.
Your hellwing hits the black mamba but does no damage.
You hit the black mamba but do no damage.
Your headbutt misses the black mamba.
The black mamba is almost dead.
You block the black mamba's attack. x2
The anaconda bites you but does no damage.
The anaconda constricts you.
The naga mage casts a spell.
The naga mage seems to speed up.
The salamander tyrant gazes fiercely through you!
You feel your attacks grow feeble. You block the black mamba's attack.
The guardian serpent hits you.
* * * LOW HITPOINT WARNING * * *
You block the naga's attack. The naga barely misses your hellwing.
The salamander completely misses you. The black mamba closely misses you.
The anaconda barely misses you. The anaconda constricts you.
Your hellwing hits the black mamba. Your hellwing hits the black mamba!
The black mamba dies!
You hear a shout!
Unknown command.
You sock the black mamba! You drain the black mamba.
You kick the black mamba, but do no damage.
The black mamba is moderately wounded.
You block the naga mage's attack. The guardian serpent hits you!
* * * LOW HITPOINT WARNING * * *
You block the black mamba's attack. The anaconda misses you.
The anaconda constricts you.
* * * LOW HITPOINT WARNING * * *
The naga barely misses you. The naga barely misses your hellwing.
The naga mage hits you from afar with a +0 spear.
* * * LOW HITPOINT WARNING * * *
The salamander hits you with a +0 trident.
* * * LOW HITPOINT WARNING * * *
You are engulfed in flames!
You die...
Xom giggles madly!

#§.#. ..#.. #.
≈.§#≈≈§.#≈.≈. #..
≈.≈S..§.≈≈.≈ .
#N..#....≈≈..§. ..
#...##≈§≈≈##≈§##...
# .N.N....NNN§§.....
#. ....N..SSN......
#.)####..###@†......
#.N...[)[.NN4S......
#...####....####....
#..# ##..## ..# #..
#..# # #. #..# #.
#### #


You could see a salamander tyrant, a salamander mystic, 2 salamanders, an
anaconda, a guardian serpent (ally target), a black mamba (drained), a naga mage
(fast), 3 nagas, a lava snake and a friendly hellwing (summoned).

Vanquished Creatures
  Rupert (D:13)
  An orc warlord (Orc:1)
  Nessos (Orc:2)
  3 hydras
  An ice dragon (Lair:4)
  A catoblepas (Lair:5)
  2 demonspawn (Orc:2)
  2 centaur warriors
  4 two-headed ogres
  5 orc high priests (Orc:2)
  3 boulder beetles
  A deep troll shaman (Lair:5)
  4 death yaks (Lair:5)
  Sonja (Lair:3)
  2 salamander mystics (Snake:1)
  A sun demon (Orc:2)
  A shadow wraith (D:14)
  Pikel (D:5)
  2 bog bodies (IceCv)
  A lindwurm (Lair:5)
  5 orc knights (Orc:2)
  9 orc sorcerers
  A salamander (Lair:2)
  2 ugly things
  3 cyclopes
  2 manticores
  An ice statue (IceCv)
  8 elephants (Lair:5)
  14 black mambas
  2 rust devils (Orc:2)
  4 cane toads
  3 rime drakes
  An unseen horror (Lair:2)
  2 kobold demonologists (D:9)
  9 komodo dragons
  A freezing wraith (IceCv)
  An ice devil (IceCv)
  A hellwing (Orc:2)
  A meliai (Lair:4)
  4 polar bears
  3 trolls
  A hornet (D:10)
  19 blink frogs
  3 slime creatures (D:14)
  6 dream sheep
  A dream sheep (shapeshifter) (Orc:1)
  A shadow (D:11)
  2 wraiths
  4 wyverns
  25 yaks
  A hog (D:13)
  A basilisk (Lair:3)
  3 steam dragons
  Eustachio (D:4)
  6 vampire mosquitoes
  2 harpy simulacra (IceCv)
  3 wargs (Orc:2)
  Edmund (D:4)
  A hydra simulacrum (IceCv)
  2 acid dragons
  13 water moccasins
  Duvessa (D:7)
  A hornet zombie (Ossuary)
  35 orc warriors
  An ice beast (D:6)
  3 sky beasts
  2 black bears
  10 ogres
  5 wolves
  4 centaurs
  2 phantoms
  5 kobold brigands
  Blork the orc (D:4)
  A necrophage (D:6)
  5 bullfrogs
  10 two-headed ogre simulacra (IceCv)
  6 scorpions
  4 water moccasin zombies
  11 wights
  Dowan (D:7)
  An elephant simulacrum (IceCv)
  11 killer bees
  4 howler monkeys
  4 bullfrog zombies
  4 centaur zombies
  A hound (D:4)
  A human zombie (D:6)
  2 jellies
  21 orc priests
  Crazy Yiuf (D:4)
  2 gnoll boudas
  2 iron imps (D:3)
  5 iguanas
  4 troll simulacra (IceCv)
  Natasha (thrice) (D:4)
  19 orc wizards
  5 spriggan simulacra (IceCv)
  3 polar bear simulacra (IceCv)
  3 killer bee zombies
  3 wolf simulacra (IceCv)
  13 mummies
  3 howler monkey zombies
  9 gnolls
  5 naga simulacra (IceCv)
  9 white imps
  6 ufetubi
  4 worms (D:3)
  3 dart slugs
  108 orcs
  5 ball pythons
  3 bats
  7 endoplasms
  4 giant cockroaches
  11 goblins
  7 hobgoblins
  4 jackals (D:5)
  8 quokkas
  4 frilled lizards
  21 kobolds
  7 rats
659 creatures vanquished.

Vanquished Creatures (collateral kills)
  A two-headed ogre (D:11)
  An orc high priest (Orc:2)
  An orc knight (Orc:2)
  2 orc sorcerers (Orc:2)
  A black mamba (Snake:1)
  A cane toad (Lair:5)
  An orange demon (Orc:2)
  5 blink frogs
  A wraith (D:11)
  2 yaks (Lair:3)
  A warg (Orc:2)
  A naga (Snake:1)
  2 orc warriors (Orc:2)
  An ogre (Orc:2)
  2 orc priests (Orc:2)
  A white imp (IceCv)
  9 orcs
  A kobold (D:9)
34 creatures vanquished.

Vanquished Creatures (others)
  A wizard (D:9)
  A salamander (Snake:1)
  2 yaks (Lair:4)
  A wolf (Lair:4)
  An orc wizard (Orc:1)
  An orc (Orc:1)
  42 fungi
  65 plants
  6 withered plants (Ossuary)
120 creatures vanquished.

Grand Total: 813 creatures vanquished

Notes
Turn   | Place    | Note
-------+----------+-------------------------------------------
     0 | D:1      | qeuew the Demonspawn Chaos Knight began the quest for the
                  | Orb.
     0 | D:1      | Reached XP level 1. HP: 18/18 MP: 1/1
    10 | D:1      | Reached skill level 1 in Dodging
   111 | D:1      | Found Siciuffu's Antique Weapon Boutique.
   113 | D:1      | Gained mutation: A weak demonic guardian rushes to your
                  | aid. [demonic ancestry]
   113 | D:1      | Reached XP level 2. HP: 24/24 MP: 2/2
   385 | D:1      | Reached skill level 1 in Evocations
   385 | D:1      | Gained mutation: You are partially covered in icy blue
                  | scales. (AC +2) [demonic ancestry]
   385 | D:1      | Reached XP level 3. HP: 11/29 MP: 3/3
   633 | D:1      | Identified a scroll of acquirement
   633 | D:1      | Acquired 646 gold pieces
   663 | D:2      | XOM: noise
   908 | D:2      | XOM: divination: detect creatures
  1044 | D:3      | Reached XP level 4. HP: 23/35 MP: 4/4
  1262 | D:3      | Found a sacrificial altar of Ru.
  1309 | D:3      | XOM: give mutation
  1309 | D:3      | Gained mutation: You are agile. (Dex +4, Str/Int -1) [Xom's
                  | grace]
  1543 | D:3      | XOM: 7-stop teleportation journey
  1746 | D:3      | XOM: god gift: Xom's Compendium of Entitlement {god gift}
  1747 | D:3      | Got Xom's Compendium of Entitlement {god gift}
  2049 | D:3      | Found a burning altar of Makhleb.
  2050 | D:3      | XOM: polymorph iron imp -> white imp
  2065 | D:3      | Gained mutation: You are mostly covered in icy blue scales.
                  | (AC +3) [demonic ancestry]
  2065 | D:3      | Reached XP level 5. HP: 38/42 MP: 5/5
  2071 | D:3      | XOM: summons 2 hostile shadow creatures
  2505 | D:4      | XOM: 1-stop teleportation journey
  2696 | D:4      | Noticed an ogre
  2703 | D:4      | Killed an ogre
  2704 | D:4      | Gained mutation: You are completely covered in icy blue
                  | scales. (AC +4, rC+) [demonic ancestry]
  2704 | D:4      | Reached XP level 6. HP: 37/48 MP: 6/6
  2762 | D:4      | XOM: torment (25/48 hp)
  2926 | D:4      | Found a stormy altar of Qazlal.
  2982 | D:4      | Noticed Natasha
  2992 | D:4      | Killed Natasha
  3061 | D:4      | Identified the +10 hammer "Bashe" {drain, rC+ Str+6}
  3070 | D:4      | Found a runed translucent door.
  3071 | D:4      | Noticed Crazy Yiuf
  3087 | D:4      | Noticed Eustachio
  3090 | D:4      | Noticed Edmund
  3091 | D:4      | XOM: summons 6 friendly demons
  3093 | D:4      | Killed Eustachio
  3093 | D:4      | XOM: summons 2 hostile demons
  3099 | D:4      | Killed Edmund
  3100 | D:4      | Reached XP level 7. HP: 53/55 MP: 7/7
  3173 | D:4      | Noticed Natasha
  3181 | D:4      | Killed Natasha
  3189 | D:4      | Noticed Natasha
  3194 | D:4      | Killed Natasha
  3199 | D:4      | Noticed Blork the orc
  3202 | D:4      | XOM: silly message
  3212 | D:4      | Killed Blork the orc
  3352 | D:4      | XOM: stat loss: -1 Int (11/12)
  3527 | D:4      | Found a shimmering altar of Xom.
  3529 | D:4      | Found a basalt altar of Yredelemnul.
  3531 | D:4      | Found a hide-covered altar of Uskayaw.
  3531 | D:4      | Found a shadowy altar of Dithmenos.
  3531 | D:4      | Found an iron altar of Okawaru.
  3640 | D:4      | Killed Crazy Yiuf
  3671 | D:5      | Entered Level 5 of the Dungeon
  3754 | D:5      | Reached skill level 5 in Fighting
  3790 | D:5      | Found a snail-covered altar of Cheibriados.
  3794 | D:5      | Noticed Pikel
  3809 | D:5      | XOM: confusion
  3815 | D:5      | Killed Pikel
  3816 | D:5      | Reached skill level 5 in Maces & Flails
  3816 | D:5      | Gained mutation: You have large cloven feet. [demonic
                  | ancestry]
  3816 | D:5      | Reached XP level 8. HP: 63/63 MP: 8/8
  3912 | D:5      | Noticed a two-headed ogre
  3920 | D:5      | Killed a two-headed ogre
  3921 | D:5      | Reached skill level 5 in Armour
  3921 | D:5      | Reached skill level 5 in Evocations
  3921 | D:5      | Reached XP level 9. HP: 45/69 MP: 9/9
  4085 | D:5      | Reached skill level 5 in Dodging
  4138 | D:5      | Acquired the +3 pair of gloves of the Lost Demons {rCorr
                  | Stlth+}
  4209 | D:6      | Found a sand-covered staircase.
  4237 | Ossuary  | Entered an ossuary
  4634 | D:6      | XOM: noise
  4666 | D:6      | Lost mutation: You are agile. (Dex +4, Str/Int -1) [potion
                  | of mutation]
  4666 | D:6      | Gained mutation: You occasionally shout uncontrollably at
                  | your foes. [potion of mutation]
  4694 | D:6      | Found a sparkling altar of Nemelex Xobeh.
  4732 | D:6      | Found Benno's Neck Hole.
  4791 | D:6      | Found a blossoming altar of Fedhas.
  4900 | D:6      | Found an ancient bone altar of Kikubaaqudgha.
  4911 | D:6      | Reached XP level 10. HP: 79/79 MP: 10/10
  4947 | D:6      | XOM: give mutations
  4947 | D:6      | Gained mutation: You are frail. (-10% HP) [Xom's mischief]
  4947 | D:6      | Gained mutation: Armour fits poorly on your strangely
                  | shaped body. [Xom's mischief]
  4947 | D:6      | Gained mutation: You are clumsy. (Dex -2) [Xom's mischief]
  4947 | D:6      | Gained mutation: You are dopey. (Int -2) [Xom's mischief]
  5100 | D:6      | Found an iron altar of Okawaru.
  5176 | D:7      | Noticed Duvessa
  5185 | D:7      | Killed Duvessa
  5189 | D:7      | Noticed Dowan
  5195 | D:7      | Killed Dowan
  5309 | D:7      | XOM: give mutations
  5309 | D:7      | Lost mutation: You are dopey. (Int -2) [Xom's mischief]
  5309 | D:7      | Lost mutation: You occasionally shout uncontrollably at
                  | your foes. [Xom's mischief]
  5309 | D:7      | Gained mutation: You expend magic power (3 MP) to
                  | strengthen your wands. [Xom's mischief]
  5396 | D:7      | Found a broken altar of Ashenzari.
  5531 | D:7      | Found a staircase to the Ecumenical Temple.
  5798 | Temple   | Entered the Ecumenical Temple
  5901 | D:7      | XOM is BORED!
  5901 | D:7      | XOM: chaos upgrade
  5906 | D:7      | XOM: summons friendly iron imp
  5919 | D:7      | XOM: enchant monster (bad)
  6933 | D:8      | XOM: silly message
  7494 | D:9      | Found a bloodstained altar of Trog.
  7497 | D:9      | Noticed a wizard
  7502 | D:9      | Killed a wizard
  7545 | D:9      | XOM: confusion
  7549 | D:9      | XOM: enchant monster (bad)
  7607 | D:9      | XOM: give mutations
  7607 | D:9      | Gained mutation: You do not regenerate when monsters are
                  | visible. [Xom's mischief]
  7607 | D:9      | Gained mutation: You occasionally shout uncontrollably at
                  | your foes. [Xom's mischief]
  7607 | D:9      | Lost mutation: Armour fits poorly on your strangely shaped
                  | body. [Xom's mischief]
  7702 | D:9      | XOM: fake destruction
  7705 | D:9      | Noticed a rust devil
  7705 | D:9      | XOM: stat loss: -1 Str (21/22)
  7706 | D:9      | XOM: blink monster(s)
  7736 | D:9      | XOM is BORED!
  7736 | D:9      | XOM: silly message
  7888 | D:9      | XOM: cloud trail
  7910 | D:9      | Noticed a cyclops
  7911 | D:9      | XOM: god gift: wand of charming (6)
  7917 | D:9      | Killed a cyclops
  8038 | D:9      | Found a radiant altar of Vehumet.
  8040 | D:9      | Found a shadowy altar of Dithmenos.
  8060 | D:9      | XOM: cast spell 'Call Canine Familiar'
  8080 | D:9      | Gained mutation: Spells you cast may paralyse adjacent
                  | enemies. [demonic ancestry]
  8080 | D:9      | Reached XP level 11. HP: 63/77 MP: 11/11
  8397 | D:9      | Found a hide-covered altar of Uskayaw.
  8479 | D:9      | XOM: god gift: book of Burglary
  8593 | D:10     | Entered Level 10 of the Dungeon
  8768 | D:10     | XOM: cloud trail
  8849 | D:10     | Found a staircase to the Orcish Mines.
  9305 | D:10     | XOM: divination: detect creatures
  9308 | D:10     | XOM: enchant monster (good)
  9319 | D:10     | XOM: summons friendly quasit
  9321 | D:10     | XOM: enchant monster (good)
  9670 | D:10     | XOM: god gift: +4 great mace of chaos
  9674 | D:10     | Found an ornate altar of the Wu Jian Council.
  9771 | D:11     | Noticed a two-headed ogre
  9776 | D:11     | XOM: summons friendly crimson imp
  9778 | D:11     | XOM: enchant monster (good)
  9781 | D:11     | Killed a two-headed ogre
 10085 | D:11     | XOM: summons friendly ufetubus
 10265 | D:11     | XOM: polymorph scorpion -> steam dragon
 10276 | D:11     | XOM: destruction
 10297 | D:11     | XOM: god gift: wand of roots (7)
 10306 | D:11     | Found a staircase to the Lair.
 10310 | D:11     | XOM: scenery: create altars
 10316 | D:11     | XOM: give mutations
 10316 | D:11     | Gained mutation: Armour fits poorly on your strangely
                  | shaped body. [Xom's mischief]
 10316 | D:11     | Lost mutation: You occasionally shout uncontrollably at
                  | your foes. [Xom's mischief]
 10376 | D:11     | XOM: confuse monster(s)
 10449 | D:11     | Noticed a boulder beetle
 10461 | D:11     | Killed a boulder beetle
 10656 | D:11     | XOM: scenery: summon butterflies
 10751 | D:11     | Noticed a two-headed ogre
 10758 | D:11     | Killed a two-headed ogre
 10762 | D:11     | XOM: enchant monster (good)
 10968 | D:11     | XOM: scenery: 1 doors close
 11002 | Lair:1   | Entered Level 1 of the Lair of Beasts
 11485 | Lair:1   | Noticed a boulder beetle
 11500 | Lair:1   | XOM: confusion (+ monsters)
 11516 | Lair:1   | XOM: enchant monster (good)
 11532 | Lair:1   | Killed a boulder beetle
 11828 | Lair:1   | XOM: give mutations
 11828 | Lair:1   | Lost mutation: You are frail. (-10% HP) [Xom's grace]
 11828 | Lair:1   | Gained mutation: Your flesh is heat resistant. (rF+) [Xom's
                  | grace]
 11903 | Lair:2   | Found a staircase to the Snake Pit.
 11926 | Lair:2   | XOM: fake destruction
 11929 | Lair:2   | XOM: smoke on damage
 11940 | Lair:2   | XOM: summons 11 friendly demons
 11946 | Lair:2   | Gained mutation: You have hoof-like feet. [demonic
                  | ancestry]
 11946 | Lair:2   | Reached XP level 12. HP: 18/96 MP: 12/12
 12256 | Lair:2   | XOM: silly message
 12286 | Lair:2   | XOM: 3-stop teleportation journey
 12291 | Lair:2   | XOM: swap monsters
 12478 | Lair:2   | XOM: 6-stop teleportation journey
 12506 | Lair:2   | XOM: noise
 12545 | Lair:2   | Found a staircase to the Swamp.
 13083 | Lair:2   | XOM: silly message
 13119 | Lair:1   | XOM: give mutations
 13119 | Lair:1   | Gained mutation: Your muscles are strong. (Str +4, Int/Dex
                  | -1) [Xom's grace]
 13119 | Lair:1   | Gained mutation: You passively map a small area around you.
                  | [Xom's grace]
 13119 | Lair:1   | Gained mutation: You have a pair of small horns on your
                  | head. [Xom's grace]
 13119 | Lair:1   | Gained mutation: You are partially covered in large bone
                  | plates. (SH +4) [Xom's grace]
 13275 | Lair:3   | XOM: scenery: create altars
 13298 | Lair:3   | XOM: scenery: summon butterflies
 13339 | Lair:3   | XOM: give mutation
 13339 | Lair:3   | Gained mutation: Your muscles are very strong. (Str +8,
                  | Int/Dex -2) [Xom's grace]
 13360 | Lair:3   | XOM: cloud trail
 13406 | Lair:3   | XOM: give mutations
 13406 | Lair:3   | Gained mutation: You possess an exceptional clarity of
                  | mind. [Xom's grace]
 13406 | Lair:3   | Gained mutation: You have hidden genetic potential. [Xom's
                  | grace]
 13406 | Lair:3   | Lost mutation: You have hidden genetic potential. [Xom's
                  | grace]
 13406 | Lair:3   | Gained mutation: You are somewhat resistant to further
                  | mutation. [Xom's grace]
 13498 | Lair:3   | XOM: scenery: create altars
 13508 | Lair:3   | XOM: scenery: summon butterflies
 13598 | Lair:3   | Noticed a six-headed hydra
 13606 | Lair:3   | Killed a six-headed hydra
 13679 | Lair:3   | XOM: scenery: create altars
 13733 | Lair:3   | Reached skill level 10 in Fighting
 13911 | Lair:3   | Noticed Sonja
 13918 | Lair:3   | Killed Sonja
 14443 | Lair:4   | XOM: polymorph komodo dragon -> meliai
 14446 | Lair:4   | XOM: cleaving
 14493 | Lair:4   | XOM: stat loss: -1 Int (10/11)
 14512 | Lair:4   | Found a frozen archway.
 14513 | Lair:4   | Noticed an ice dragon
 14514 | Lair:4   | XOM: blink monster(s)
 14519 | Lair:4   | XOM: divine lightning
 14523 | Lair:4   | Killed an ice dragon
 14545 | IceCv    | Entered an ice cave
 14825 | IceCv    | XOM: stat loss: -1 Dex (15/16)
 14872 | IceCv    | Identified the amulet of Pantheism {Faith Stlth+}
 14944 | IceCv    | XOM: noise
 15009 | IceCv    | XOM: give mutations
 15009 | IceCv    | Lost mutation: Your flesh is heat resistant. (rF+) [Xom's
                  | mischief]
 15009 | IceCv    | Gained mutation: You occasionally shout uncontrollably at
                  | your foes. [Xom's mischief]
 15127 | IceCv    | XOM: give mutations
 15127 | IceCv    | Lost mutation: Armour fits poorly on your strangely shaped
                  | body. [Xom's mischief]
 15127 | IceCv    | Gained mutation: Armour fits poorly on your strangely
                  | shaped body. [Xom's mischief]
 15127 | IceCv    | Lost mutation: You have a pair of small horns on your head.
                  | [Xom's mischief]
 15127 | IceCv    | Lost mutation: You do not regenerate when monsters are
                  | visible. [Xom's mischief]
 15129 | IceCv    | Reached skill level 1 in Shields
 15130 | IceCv    | XOM: divination: magic mapping
 15132 | IceCv    | XOM: 3-stop teleportation journey
 15287 | IceCv    | Reached skill level 10 in Evocations
 15442 | Lair:4   | XOM: give mutations
 15442 | Lair:4   | Lost mutation: You are clumsy. (Dex -2) [Xom's mischief]
 15442 | Lair:4   | Lost mutation: Your muscles are very strong. (Str +8,
                  | Int/Dex -2) [Xom's mischief]
 15442 | Lair:4   | Gained mutation: You frequently scream uncontrollably at
                  | your foes. [Xom's mischief]
 15442 | Lair:4   | Lost mutation: You frequently scream uncontrollably at your
                  | foes. [Xom's mischief]
 15453 | Lair:4   | XOM: summons 2 friendly demons
 15455 | Lair:4   | Gained mutation: Spells you cast may paralyse nearby
                  | enemies. [demonic ancestry]
 15455 | Lair:4   | Reached XP level 13. HP: 94/104 MP: 13/13
 15578 | Lair:4   | XOM: summons friendly ufetubus
 15792 | Lair:4   | XOM: divination: magic mapping
 15820 | Lair:4   | Found a staircase to the Slime Pits.
 15875 | Lair:4   | XOM: cast spell 'Summon Hydra'
 16125 | Lair:4   | XOM: noise
 16181 | Lair:4   | XOM: give mutation
 16181 | Lair:4   | Gained mutation: You are dopey. (Int -2) [Xom's mischief]
 16218 | Lair:5   | Entered Level 5 of the Lair of Beasts
 16224 | Lair:5   | XOM: enchant monster (bad)
 16239 | Lair:4   | XOM: enchant monster (bad)
 16381 | Lair:5   | XOM: blink monster(s)
 16391 | Lair:5   | XOM: swap monsters
 16400 | Lair:5   | XOM: give mutation
 16400 | Lair:5   | Lost mutation: Armour fits poorly on your strangely shaped
                  | body. [Xom's mischief]
 16402 | Lair:5   | Reached skill level 10 in Maces & Flails
 16402 | Lair:5   | XOM: swap monsters
 16525 | Lair:5   | XOM: torment (43/105 hp)
 16646 | Lair:5   | XOM: enchant monster (bad)
 16649 | Lair:5   | XOM: silly message
 16880 | Lair:5   | XOM: 5-stop teleportation journey
 16932 | Lair:5   | XOM: draining
 17005 | Lair:5   | Reached skill level 10 in Armour
 17048 | Lair:5   | XOM: summons 6 friendly demons
 17538 | Lair:5   | Reached skill level 10 in Dodging
 17561 | Lair:5   | XOM: scenery: summon butterflies
 17570 | Lair:5   | XOM: summons 2 friendly demons
 17571 | Lair:5   | XOM: swap monsters
 17574 | Lair:5   | XOM: summons friendly crimson imp
 17585 | Lair:5   | XOM: smoke on damage
 17589 | Lair:5   | XOM: enchant monster (good)
 17594 | Lair:5   | XOM: give mutation
 17594 | Lair:5   | Lost mutation: You passively map a small area around you.
                  | [Xom's mischief]
 17600 | Lair:5   | XOM: fog
 17812 | Lair:5   | Identified the +5 sling "Cakethrot" {elec, rN++ Will+}
 18223 | Swamp:1  | Entered Level 1 of the Swamp
 18223 | Swamp:1  | Noticed a bunyip
 18304 | D:12     | Reached XP level 14. HP: 92/113 MP: 14/14
 18366 | D:12     | XOM: confuse monster(s)
 18410 | D:12     | Identified the +12 dagger "Quucedd" {vorpal, rF+ Str+3
                  | Int+8 Stlth+}
 18806 | D:12     | XOM: give mutations
 18806 | D:12     | Lost mutation: You are partially covered in large bone
                  | plates. (SH +4) [Xom's mischief]
 18806 | D:12     | Gained mutation: You are agile. (Dex +4, Str/Int -1) [Xom's
                  | mischief]
 18806 | D:12     | Gained mutation: Armour fits poorly on your strangely
                  | shaped body. [Xom's mischief]
 18806 | D:12     | Lost mutation: Armour fits poorly on your strangely shaped
                  | body. [Xom's mischief]
 18997 | D:12     | XOM: silly message
 19082 | D:12     | XOM: god gift: scroll of butterflies
 19252 | D:13     | XOM: summons friendly shadow imp
 19395 | D:13     | XOM: summons 7 hostile demons
 19520 | D:13     | XOM: draining
 19591 | D:13     | Noticed Rupert
 19603 | D:13     | XOM: summons 8 hostile demons
 19614 | D:13     | Killed Rupert
 19627 | D:13     | You fall into a shaft and drop 1 floor!
 19630 | D:14     | Found a shadowy altar of Dithmenos.
 19630 | D:14     | XOM: 2-stop teleportation journey
 19640 | D:14     | XOM: chaos cloud
 19644 | D:14     | Paralysed by you for 3 turns
 19655 | D:14     | Paralysed by you for 2 turns
 19716 | D:14     | Reached skill level 5 in Shields
 19965 | D:14     | XOM: cleaving
 20334 | D:14     | Noticed Kirke
 20525 | Slime:1  | Entered Level 1 of the Pits of Slime
 20525 | Slime:1  | Noticed an azure jelly
 20529 | Slime:2  | Noticed an azure jelly
 20529 | Slime:2  | Noticed an azure jelly
 20531 | Slime:1  | XOM: scenery: summon butterflies
 20600 | Snake:1  | Entered Level 1 of the Snake Pit
 20605 | Snake:1  | XOM: summons friendly quasit
 20614 | Snake:1  | XOM: summons 1 friendly demon
 20621 | Snake:1  | XOM: cast spell 'Summon Horrible Things'
 20653 | Lair:2   | XOM: scenery: create altars
 20767 | Orc:1    | Entered Level 1 of the Orcish Mines
 20875 | Orc:1    | Noticed Jorgrun
 20887 | Orc:1    | XOM: fog
 20888 | Orc:1    | Jorgrun changed into Jorgrun the glowing shapeshifter
 20888 | Orc:1    | XOM: polymorph Jorgrun -> Jorgrun the glowing shapeshifter
 21290 | Orc:2    | Entered Level 2 of the Orcish Mines
 21290 | Orc:2    | Noticed an orc warlord
 21290 | Orc:2    | Found a staircase to the Elven Halls.
 21300 | Orc:2    | XOM: divination: detect items
 21323 | Orc:1    | Killed an orc warlord
 21596 | Orc:2    | XOM: 9-stop teleportation journey
 21608 | Orc:2    | XOM: scenery: summon butterflies
 21823 | Orc:2    | Found Boff's General Store.
 21830 | Orc:2    | XOM: summons friendly ufetubus
 21857 | Orc:2    | Found Ecwev's Distillery.
 22011 | Orc:2    | XOM: noise
 22015 | Orc:2    | XOM: cleaving
 22017 | Orc:2    | Bought a potion of might for 48 gold pieces
 22017 | Orc:2    | Bought 2 potions of might for 96 gold pieces
 22017 | Orc:2    | Bought a potion of heal wounds for 60 gold pieces
 22017 | Orc:2    | Bought a potion of might for 48 gold pieces
 22017 | Orc:2    | Bought a potion of curing for 36 gold pieces
 22017 | Orc:2    | Bought a potion of curing for 36 gold pieces
 22027 | Orc:2    | Noticed Nessos
 22028 | Orc:2    | XOM: 1-stop teleportation journey
 22181 | Orc:2    | XOM: give mutations
 22181 | Orc:2    | Gained mutation: You have a pair of small horns on your
                  | head. [Xom's grace]
 22181 | Orc:2    | Gained mutation: Your spells are a little harder to cast,
                  | but a little more powerful. [Xom's grace]
 22181 | Orc:2    | Gained mutation: You are covered in fur. (AC +1) [Xom's
                  | grace]
 22471 | Orc:2    | XOM: give mutations
 22471 | Orc:2    | Gained mutation: You are frail. (-10% HP) [Xom's mischief]
 22471 | Orc:2    | Gained mutation: You are somewhat resistant to both further
                  | mutation and mutation removal. [Xom's mischief]
 22471 | Orc:2    | Gained mutation: You are very frail. (-20% HP) [Xom's
                  | mischief]
 22507 | Orc:2    | Killed Nessos
 22580 | Orc:2    | XOM: cast spell 'Call Canine Familiar'
 22646 | Orc:2    | XOM: god gift: 55 gold pieces
 22846 | Orc:2    | XOM: give mutations
 22846 | Orc:2    | Lost mutation: Your muscles are strong. (Str +4, Int/Dex
                  | -1) [Xom's mischief]
 22846 | Orc:2    | Lost mutation: You are covered in fur. (AC +1) [Xom's
                  | mischief]
 22846 | Orc:2    | Lost mutation: You are very frail. (-20% HP) [Xom's
                  | mischief]
 22846 | Orc:2    | Lost mutation: You occasionally shout uncontrollably at
                  | your foes. [Xom's mischief]
 22913 | Orc:2    | XOM: cast spell 'Metabolic Englaciation'
 23074 | Orc:2    | XOM: enchant monster (good)
 23132 | Orc:2    | Reached XP level 15. HP: 96/108 MP: 15/15
 23191 | Orc:2    | Found Peudivad's Antique Weapon Boutique.
 23191 | Orc:2    | Found Aluep's Book Shop.
 23192 | Orc:2    | Found a one-way gate leading to the halls of Pandemonium.
 23198 | Orc:2    | XOM: enchant monster (good)
 23713 | Orc:1    | XOM: smoke on damage
 24123 | Snake:1  | Mangled by a salamander

Illustrated notes

Levels and vault maps discovered:
D:1:      dpeg_arrival_houses_and_road, layout_rooms, serial_shops,
          nicolae_shop_overgrown_old_shop
D:2:      layout_rooms
D:3:      layout_basic, mainiacjoe_overflow_small_starburst, demons_altar,
          dreamdust_princess_corridor
D:4:      cheibrodos_pilgrimage, layout_basic,
          mainiacjoe_overflow_cross_hatched,
          mainiacjoe_overflow_six_doors_small, doesnt_xom_only_xom,
          uniq_blork_the_orc, uniq_edmund, uniq_natasha,
          uniq_crazy_yiuf_cottage, uniq_eustachio
D:5:      layout_rooms, amcnicky_altar_gilded, uniq_pikel
D:6:      layout_cave_pools, lemuel_mausoleum_altar_kikubaaqudgha,
          lemuel_tele_altar, mainiacjoe_overflow_big_doors, enter_ossuary_1,
          nicolae_shop_sticking_my_neck_out
D:7:      layout_gridville, mainiacjoe_overflow_tiny_flanked,
          minmay_temple_entry_junction, uniq_duvessa
D:8:      layout_basic
D:9:      nicolae_BIG_FREAKIN_CUBE, layout_long_grid, trog_wizard,
          kennysheep_little_box, mainiacjoe_overflow_catwalk_spiral,
          serial_glass, glass_columns_a, glass_columns_a
D:10:     layout_irregular_city, nicolae_wu_jian_glorious_leap,
          hiddenorc2_lemuel
D:11:     layout_loops_corners, grunt_lair_entry_orc_guard_hut
D:12:     layout_cave_pods
D:13:     layout_basic, erik_vaults_2, uniq_rupert
D:14:     layout_roguey [special_room_orc], nicolae_dithmenos_the_darkroom,
          uniq_kirke
Temple:   corrupted_temple
Lair:1:   layout_cave_pods, lemuel_fruit_tree, grunt_megastairs_1
Lair:2:   layout_regular_city, swamp_mist, minmay_snake_entry_six_corridors
Lair:3:   layout_cave_pods, uniq_sonja
Lair:4:   layout_long_grid, slime_entry_1,
          portal_ice_cave_entry_animals_and_master
Lair:5:   grunt_lair_end_beastmaster, layout_cave_pods
Swamp:1:  layout_falls_marsh, serial_swamp_ruin, evilmike_swamp_ruin_house_3,
          hangedman_swamp_ruin_wall, evilmike_swamp_ruin_house_1
Snake:1:  layout_onion, nicolae_snake_gridmaze_squiggle,
          nicolae_snake_salamander_fort, minmay_shoptagon
Slime:1:  layout_caves, nicolae_slime_barrier
Slime:2:  layout_caves
Orc:1:    layout_caves, uniq_jorgrun
Orc:2:    pf_orc_diabolical, layout_caves, uniq_nessos

Skill      XL: |  1  2  3  4  5  6  7  8  9 10 11 12 13 14 15 |
---------------+----------------------------------------------+-----
Dodging        | 1 2 3 4 5 7 8 9 10 11 | 11.1
Armour         | 2 3 4 5 6 7 8 9 10 11 | 11.2
Maces & Flails | 3 4 5 6 7 8 9 10 11 | 11.4
Evocations     | 1 2 3 4 5 6 7 8 10 11 12 | 12.0
Fighting       | 4 5 6 7 8 9 10 11 12 | 12.4
Shields        | 1 4 6 |  6.4

Action                   |  1- 3 |  4- 6 |  7- 9 | 10-12 | 13-15 || total
-------------------------+-------+-------+-------+-------+-------++-------
Melee: Mace              |   109 |   158 |   216 |   768 |   934 ||  2185
       Punch             |     3 |     2 |     3 |     8 |       ||    16
       Unarmed           |       |       |     7 |       |       ||     7
       Kick              |       |       |    58 |   260 |   381 ||   699
       Headbutt          |       |       |       |    37 |    44 ||    81
Throw: Throwing net      |       |       |       |     1 |       ||     1
Evoke: Wand              |       |       |       |     1 |     5 ||     6
  Use: Scroll            |     7 |     3 |     5 |     9 |     7 ||    31
       Potion            |     1 |       |     6 |     5 |     4 ||    16
 Stab: Paralysed         |     1 |       |       |       |     2 ||     3
       Petrified         |       |     8 |       |    16 |     3 ||    27
       Sleeping          |       |     1 |     3 |     9 |     2 ||    15
       Distracted        |       |       |     3 |     3 |     3 ||     9
       Confused          |       |       |       |     3 |     3 ||     6
       Petrifying        |       |       |       |       |     1 ||     1
Armor: Leather armour    |    51 |    78 |   105 |    92 |       ||   326
       Skin              |       |       |     2 |       |       ||     2
       Steam dragon scal |       |       |       |   319 |   287 ||   606
       Ring mail         |       |       |       |       |    90 ||    90
Dodge: Dodged            |    93 |   102 |   198 |   767 |   670 ||  1830
Block: Kite shield       |       |       |       |   132 |  1151 ||  1283
       Other             |       |       |       |    53 |       ||    53
       Reflection        |       |       |       |     4 |    14 ||    18

Table legend: (Time is in decaauts)
 A = Elapsed time spent in this place.
 B = Non-inter-level travel time spent in this place.
 C = Inter-level travel time spent in this place.
 D = Time resting spent in this place.
 E = Time spent auto-exploring this place.
 F = Levels seen in this place.
 G = Mean time per level.
                   A        B        C        D        E       F      G
               +--------+--------+--------+--------+--------+-----+--------+
         Total |  24332 |  22875 |   1457 |    868 |  17381 |  28 |  869.0 |
       Dungeon |  13030 |  12322 |    708 |     93 |   9879 |  14 |  930.7 |
        Temple |     41 |     41 |      0 |      0 |      5 |   1 |   41.0 |
          Lair |   6704 |   6128 |    576 |    105 |   5013 |   5 | 1340.8 |
         Swamp |      1 |      1 |      0 |      0 |      0 |   1 |    1.0 |
     Snake Pit |     53 |     53 |      0 |      0 |      0 |   1 |   53.0 |
    Slime Pits |     10 |     10 |      0 |      0 |      0 |   2 |    5.0 |
  Orcish Mines |   3259 |   3090 |    169 |    670 |   1707 |   2 | 1629.5 |
       Ossuary |    350 |    350 |      0 |      0 |    180 |   1 |  350.0 |
      Ice Cave |    880 |    880 |      0 |      0 |    596 |   1 |  880.0 |
               +--------+--------+--------+--------+--------+-----+--------+

Top non-repeatable levels by time:
   Orc:2: 2324 daAuts
  Lair:5: 1842 daAuts
  Lair:2: 1429 daAuts
    D:11: 1395 daAuts
     D:3: 1365 daAuts
  Lair:3: 1348 daAuts
     D:4: 1327 daAuts
     D:7: 1249 daAuts
    D:10: 1169 daAuts
     D:9: 1118 daAuts
  Lair:4: 1077 daAuts
     D:8: 1019 daAuts
  Lair:1: 1006 daAuts
    D:12: 980 daAuts
   Orc:1: 935 daAuts
